 Dungeon Crawl Stone Soup version 0.27-b1-42-g19c61b19a5 (webtiles) character file.

Game seed: 6073120915660828146

154 Crownlay the Shield-Bearer (level 5, 0/47 HPs)
             Began as a Gnoll Fighter on July 29, 2021.
             Slain by a goblin (1 damage)
             ... led by Robin
             ... on level 3 of the Dungeon.
             The game lasted 00:03:22 (1970 turns).

Crownlay the Shield-Bearer (Gnoll Fighter)          Turns: 1970, Time: 00:03:23

Health: 0/47       AC:  9    Str: 15    XL:     5   Next: 36%
Magic:  7/7        EV:  8    Int:  8    God:
Gold:   95         SH: 15    Dex: 12    Spells: 6/6 levels left

rFire    . . .     SeeInvis .   k - +2 dagger (flame)
rCold    . . .     Faith    .   c - +0 kite shield
rNeg     . . .     Spirit   .   b - +0 scale mail
rPois    .         Reflect  +   (no helmet)
rElec    .         Harm     .   (no cloak)
rCorr    .         Rampage  .   (no gloves)
Will     .....                  j - +0 pair of boots
Stlth    ..........             i - amulet of reflection
HPRegen  0.15/turn              (no ring)
MPRegen  0.10/turn              (no ring)

@: no status effects
A: fangs 1, strong nose, distributed training
a: no special abilities


You were on level 3 of the Dungeon.
You visited 1 branch of the dungeon, and saw 3 of its levels.

You collected 95 gold pieces.

Inventory:

Hand Weapons
 a - a +0 long sword
 k - a +2 dagger of flaming (weapon)
Armour
 b - a +0 scale mail (worn)
 c - a +0 kite shield (worn)
 j - a +0 pair of boots (worn)
Jewellery
 i - an amulet of reflection (around neck)
Scrolls
 e - a scroll of amnesia
 h - 2 scrolls of identify
Potions
 d - a potion of might
 f - a potion of curing {unknown}
 g - 2 potions of attraction {unknown}
 l - a potion of heal wounds {unknown}


   Skills:
 + Level 6.7 Fighting
 + Level 1.4 Short Blades
 + Level 4.8 Long Blades
 + Level 1.4 Axes
 + Level 1.4 Maces & Flails
 + Level 1.4 Polearms
 + Level 1.4 Staves
 + Level 1.4 Slings
 + Level 1.4 Bows
 + Level 1.4 Crossbows
 + Level 1.4 Throwing
 + Level 6.7 Armour
 + Level 1.4 Dodging
 + Level 1.4 Stealth
 + Level 6.7 Shields
 + Level 1.4 Unarmed Combat
 + Level 1.4 Spellcasting
 + Level 1.1 Conjurations
 + Level 1.1 Hexes
 + Level 1.1 Summonings
 + Level 1.1 Necromancy
 + Level 1.1 Translocations
 + Level 1.1 Transmutations
 + Level 1.1 Fire Magic
 + Level 1.1 Ice Magic
 + Level 1.1 Air Magic
 + Level 1.1 Earth Magic
 + Level 1.1 Poison Magic
 + Level 1.6 Invocations
 + Level 1.4 Evocations


You had 6 spell levels left.
You didn't know any spells.
Your spell library was empty.

Dungeon Overview and Level Annotations

Branches:
Dungeon (3/15)

Altars:

Annotations:
D:3 Robin


Innate Abilities, Weirdness & Mutations

You have very sharp teeth.
Your uncanny sense of smell can sniff out nearby items.
Your experience applies equally to all skills.


Message History

You hit Robin but do no damage. The goblin barely misses you.
You block the goblin's attack. The goblin barely misses you.
You block the goblin's attack. The hobgoblin barely misses you.
The goblin barely misses you.
You barely miss Robin. The goblin hits you with a +0 club.
You block the goblin's attack. The goblin hits you with a +0 dagger.
* * * LOW HITPOINT WARNING * * *
You block the goblin's attack. The goblin hits you with a +0 club.
* * * LOW HITPOINT WARNING * * *
Robin hits you with a +0 mace.
* * * LOW HITPOINT WARNING * * *
The hobgoblin closely misses you. The goblin closely misses you.
The goblin hits you with a +0 club.
* * * LOW HITPOINT WARNING * * *
You barely miss Robin. You block the goblin's attack.
The goblin hits you but does no damage. The goblin hits you with a +0 dagger.
* * * LOW HITPOINT WARNING * * *
The hobgoblin closely misses you. The goblin barely misses you.
The goblin hits you with a +0 club.
* * * LOW HITPOINT WARNING * * *
You block the goblin's attack.
You hit Robin but do no damage.
The goblin no longer looks unusually strong.
You block the goblin's attack. x2; The hobgoblin closely misses you.
The goblin closely misses you.
Robin's bangles clink loudly.
Robin roars a battlecry!
The goblin goes into a battle-frenzy!
The goblin hits you but does no damage. x2; The goblin barely misses you.
You barely miss Robin.
The goblin no longer looks unusually strong.
The hobgoblin no longer looks unusually strong.
The goblin closely misses you. The goblin barely misses you.
You block the hobgoblin's attack. You block the goblin's attack.
The goblin completely misses you. x2; The goblin hits you with a +0 club.
* * * LOW HITPOINT WARNING * * *
You closely miss Robin.
The goblin no longer looks unusually strong. x2
The goblin hits you with a +0 dagger.
You die...

..#####.### #######.# ∆
. ........### ..
#######...# #. .# #
#...# #.# .#.#
#...###.####.#.###
#...#.....g......#
#####........ggg......
#............g@gg.....
#............ggg......
#.....................
#.....................
#.....................
#.....................
##.....................
#......................
#......................


You could see Robin, 3 hobgoblins and 6 goblins.

Vanquished Creatures
  Jessica (D:2)
  4 adders
  4 dart slugs
  A worm (D:2)
  8 orcs (D:3)
  3 endoplasms
  2 giant cockroaches
  7 hobgoblins
  6 jackals
  4 quokkas
  5 ball pythons
  A bat (D:2)
  4 frilled lizards
  10 goblins
  5 kobolds
  5 rats
70 creatures vanquished.

Notes
Turn   | Place    | Note
-------+----------+-------------------------------------------
     0 | D:1      | Crownlay the Gnoll Fighter began the quest for the Orb.
     0 | D:1      | Reached XP level 1. HP: 23/23 MP: 1/1
   108 | D:1      | Reached XP level 2. HP: 26/29 MP: 2/2
   483 | D:1      | Reached XP level 3. HP: 35/35 MP: 3/3
   816 | D:2      | Reached skill level 1 in Invocations
   868 | D:2      | Reached skill level 1 in Short Blades
   868 | D:2      | Reached skill level 1 in Axes
   868 | D:2      | Reached skill level 1 in Maces & Flails
   868 | D:2      | Reached skill level 1 in Polearms
   868 | D:2      | Reached skill level 1 in Staves
   868 | D:2      | Reached skill level 1 in Slings
   868 | D:2      | Reached skill level 1 in Bows
   868 | D:2      | Reached skill level 1 in Crossbows
   868 | D:2      | Reached skill level 1 in Throwing
   868 | D:2      | Reached skill level 1 in Dodging
   868 | D:2      | Reached skill level 1 in Stealth
   868 | D:2      | Reached skill level 1 in Unarmed Combat
   868 | D:2      | Reached skill level 1 in Spellcasting
   868 | D:2      | Reached skill level 1 in Evocations
   907 | D:2      | Noticed Jessica
   918 | D:2      | Killed Jessica
   919 | D:2      | Reached XP level 4. HP: 23/41 MP: 5/5
  1075 | D:2      | Reached skill level 1 in Conjurations
  1075 | D:2      | Reached skill level 1 in Hexes
  1075 | D:2      | Reached skill level 1 in Summonings
  1075 | D:2      | Reached skill level 1 in Necromancy
  1075 | D:2      | Reached skill level 1 in Translocations
  1075 | D:2      | Reached skill level 1 in Transmutations
  1075 | D:2      | Reached skill level 1 in Fire Magic
  1075 | D:2      | Reached skill level 1 in Ice Magic
  1075 | D:2      | Reached skill level 1 in Air Magic
  1075 | D:2      | Reached skill level 1 in Earth Magic
  1075 | D:2      | Reached skill level 1 in Poison Magic
  1622 | D:2      | Reached XP level 5. HP: 47/47 MP: 6/6
  1946 | D:3      | Noticed Robin
  1967 | D:3      | HP: 2/47 [goblin[Robin] (3)]
  1970 | D:3      | Slain by a goblin

Illustrated notes

Levels and vault maps discovered:
D:1:      noname_arrival_rooms_in_the_neighbourhood, layout_basic,
          glass_columns_b, chequers_mini_garden, serial_bayou_crossing
D:2:      layout_basic, uniq_jessica
D:3:      layout_basic, dreamdust_ecumenical_altar_statues,
          kennysheep_nondescript, minmay_misc_feat_four_crosses, uniq_ijyb,
          uniq_robin

Skill      XL: |  1  2  3  4 |
---------------+-------------+-----
Invocations    | 1 |  1.6
Short Blades   | 1 |  1.4
Axes           | 1 |  1.4
Maces & Flails | 1 |  1.4
Polearms       | 1 |  1.4
Staves         | 1 |  1.4
Slings         | 1 |  1.4
Bows           | 1 |  1.4
Crossbows      | 1 |  1.4
Throwing       | 1 |  1.4
Dodging        | 1 |  1.4
Stealth        | 1 |  1.4
Unarmed Combat | 1 |  1.4
Spellcasting   | 1 |  1.4
Evocations     | 1 |  1.4
Conjurations   | 1 |  1.1
Hexes          | 1 |  1.1
Summonings     | 1 |  1.1
Necromancy     | 1 |  1.1
Translocations | 1 |  1.1
Transmutations | 1 |  1.1
Fire Magic     | 1 |  1.1
Ice Magic      | 1 |  1.1
Air Magic      | 1 |  1.1
Earth Magic    | 1 |  1.1
Poison Magic   | 1 |  1.1
Fighting       | |  6.7
Long Blades    | |  4.8
Armour         | |  6.7
Shields        | |  6.7

Action                   |  1- 3 |  4- 6 || total
-------------------------+-------+-------++-------
Melee: Long sword        |    99 |     1 ||   100
       Bite              |    11 |     7 ||    18
       Dagger            |       |   113 ||   113
  Use: Scroll            |       |     1 ||     1
Armor: Scale mail        |    43 |    72 ||   115
Dodge: Dodged            |    29 |    56 ||    85
Block: Kite shield       |    83 |   108 ||   191
       Reflection        |       |     1 ||     1
       Rpst.: Long sword |     6 |       ||     6
